 Dungeon Crawl Stone Soup version 0.31-a0-1570-g93c622d222 (webtiles) character file.

Game seed: 13748397108482486011

374 grandjackal the Conjurer (level 6, -4/32 HPs)
             Began as a Deep Elf Conjurer on Jan 3, 2024.
             Slain by Pikel
             ... wielding a +1 whip of flaming
              (8 damage)
             ... on level 4 of the Dungeon.
             The game lasted 00:04:13 (2727 turns).

grandjackal the Conjurer (Deep Elf Conjurer)        Turns: 2727, Time: 00:04:15

Health: -4/32      AC:  3    Str:  4    XL:     6   Next: 43%
Magic:  6/17       EV: 12    Int: 25    God:
Gold:   161        SH:  0    Dex: 13    Spells: 6/17 levels left

rFire   . . .        (no weapon)
rCold   . . .        (no shield)
rNeg    . . .        a - +0 robe
rPois   .            (no helmet)
rElec   .            (no cloak)
rCorr   .            r - +0 pair of gloves
SInv    +            (no boots)
Will    .....        (no amulet)
Stlth   ++           m - ring of see invisible
HPRegen 0.25/turn    (no ring)
MPRegen 0.15/turn

%: no passive effects
@: no status effects
A: no striking features
a: no special abilities


You were on level 4 of the Dungeon.
You visited 1 branch of the dungeon, and saw 4 of its levels.

You collected 197 gold pieces.
You spent 36 gold pieces at shops.

Inventory:

Armour
 a - a +0 robe (worn)
 r - a +0 pair of gloves (worn)
Jewellery
 m - a ring of see invisible (left hand)
Wands
 q - a wand of polymorph (8)
Scrolls
 d - 2 scrolls of noise {unknown}
 h - 3 scrolls of teleportation
 j - 3 scrolls of amnesia {unknown}
 k - 4 scrolls of immolation {unknown}
 n - 2 scrolls of identify {unknown}
 o - 2 scrolls of blinking {unknown}
 p - 2 scrolls of summoning {unknown}
 t - a scroll of fear {unknown}
Potions
 b - a potion of magic
 c - 2 potions of heal wounds {unknown}
 e - a potion of berserk rage {unknown}
 f - a potion of lignification {unknown}
 g - a potion of mutation {unknown}
 i - a potion of brilliance {unknown}
 l - a potion of curing {unknown}
 s - a potion of ambrosia {unknown}


   Skills:
 - Level 2.4 Dodging
 - Level 2.4 Stealth
 + Level 6.1 Spellcasting
 + Level 6.3 Conjurations
 + Level 2.0 Translocations
 + Level 2.1 Alchemy


You had 6 spell levels left.
You knew the following spells:

 Your Spells              Type           Power      Damage    Failure   Level
a - Magic Dart            Conj           100%       1d8       1%          1
b - Searing Ray           Conj           78%        2d7       1%          2
c - Fulminant Prism       Conj/Alch      14%        3d8       13%         4
d - Iskenderun's Mystic   Conj/Tloc      28%        2d7       13%         4

Your spell library contained the following spells:

 Spells                   Type           Power      Damage    Failure   Level


Dungeon Overview and Level Annotations

Branches:
Dungeon (4/15)
 Temple: D:4-7

Altars:
Makhleb

Shops:
D:1 ?

Annotations:
D:4 Pikel


Message History

The lemure hits you!
The searing ray hits the lemure.
The lemure is almost dead.
The searing ray misses Pikel.
The searing ray hits the lemure.
The lemure is lightly wounded.
The lemure hits you!
The searing ray hits the lemure.
You kill the lemure!
That felt strangely unrewarding.
The searing ray hits Pikel!
Pikel is moderately wounded.
The searing ray misses the lemure.
The searing ray hits the lemure.
The lemure is lightly wounded.
The searing ray hits Pikel!
Pikel is severely wounded.
The searing ray hits the lemure but does no damage.
The lemure is lightly wounded.
The searing ray hits the lemure.
The lemure is lightly wounded.
You finish channelling your searing ray.
Pikel hits you with a +1 whip of flaming!
* * * LOW HITPOINT WARNING * * *
Pikel burns you.
* * * LOW HITPOINT WARNING * * *
Unknown command.
Unknown command.
Casting: Searing Ray (safe; 1% risk of failure)
Confirm with . or Enter, or press ? or * to list all spells.
Aiming: Searing Ray (safe; 1% risk of failure)
Press: ? - help, Shift-Dir - straight line, f - Pikel
Aim: Pikel, wielding a +1 whip of flaming and wearing a +0 robe (severely wounded, 76% to hit)
The searing ray hits Pikel but does no damage.
Pikel is severely wounded.
The searing ray hits the lemure.
The lemure is moderately wounded.
The searing ray hits the lemure.
The lemure is lightly wounded. (Press . to maintain the ray.) Pikel hits you with a +1 whip of flaming!
You die...
Pikel says, "See you in Hell!"

#.# #.# # #.#
..# ..#
...###.#
.....#
###..#####
#........#
#....###@#
#.####.# #K#
#......# #5#
######..# #5#
........# #S#
##.####.###.#
#.#.....##.#
#.#.....##.#
### #.#..##.#


You could see Pikel, 2 lemures and an adder.

Vanquished Creatures
  Sigmund (D:3)
  2 lemures (D:4)
  A jelly (D:4)
  Natasha (thrice) (D:2)
  5 adders
  2 dart slugs
  A ribbon worm (D:2)
  8 ball pythons
  5 bats
  4 endoplasms
  5 giant cockroaches
  9 goblins
  4 hobgoblins
  6 kobolds
  3 quokkas
  2 frilled lizards (D:1)
  4 rats
65 creatures vanquished.

Notes
Turn   | Place    | Note
-------+----------+-------------------------------------------
     0 | D:1      | grandjackal the Deep Elf Conjurer began the quest for the
                  | Orb.
     0 | D:1      | Reached XP level 1. HP: 10/10 MP: 6/6
   180 | D:1      | Reached XP level 2. HP: 15/15 MP: 4/8
   254 | D:1      | Learned a level 2 spell: Searing Ray
   624 | D:1      | Found Mekkilu's Magic Scroll Shop.
   628 | D:1      | Bought a scroll of teleportation for 36 gold pieces
   758 | D:1      | Reached skill level 5 in Conjurations
   758 | D:1      | Reached XP level 3. HP: 19/19 MP: 4/10
  1277 | D:2      | Noticed Natasha
  1280 | D:2      | Killed Natasha
  1281 | D:2      | Reached XP level 4. HP: 20/24 MP: 6/12
  1335 | D:2      | Noticed Natasha
  1339 | D:2      | Killed Natasha
  1340 | D:2      | Reached skill level 5 in Spellcasting
  1607 | D:2      | Noticed Natasha
  1687 | D:2      | Killed Natasha
  1991 | D:3      | Reached XP level 5. HP: 28/28 MP: 10/14
  2022 | D:3      | Learned a level 4 spell: Fulminant Prism
  2027 | D:3      | Learned a level 4 spell: Iskenderun's Mystic Blast
  2105 | D:3      | Found a burning altar of Makhleb.
  2219 | D:3      | Noticed Sigmund
  2228 | D:3      | Killed Sigmund
  2229 | D:3      | Reached skill level 1 in Translocations
  2229 | D:3      | Reached skill level 1 in Alchemy
  2229 | D:3      | Reached XP level 6. HP: 10/32 MP: 9/17
  2717 | D:4      | Noticed Pikel
  2727 | D:4      | Slain by Pikel

Illustrated notes

Levels and vault maps discovered:
D:1:      mrwooster_arrival_statue, layout_loops_ring, serial_shops, shop,
          nrook_loot_triangle
D:2:      layout_basic, dreamdust_princess_bridge, uniq_natasha
D:3:      layout_rooms, old_standard_altar, uniq_sigmund
D:4:      layout_basic, elyvilon_altar_1, minmay_fractal_squares_5, uniq_edmund,
          uniq_duvessa, uniq_blork_the_orc, uniq_crazy_yiuf_cottage, uniq_pikel

Skill      XL: |  1  2  3  4  5  6 |
---------------+-------------------+-----
Spellcasting   | 4 5 6 |  6.1
Conjurations   | 5 6 |  6.3
Translocations | 1 2 |  2.0
Alchemy        | 1 2 |  2.1
Dodging        | |  2.4
Stealth        | |  2.4

Action                     |  1- 3 |  4- 6 || total
---------------------------+-------+-------++-------
  Melee: Unarmed           |     5 |       ||     5
   Cast: Magic Dart        |    56 |    44 ||   100
         Searing Ray       |     1 |     9 ||    10
 Armour: Robe              |     5 |    12 ||    17
  Dodge: Dodged            |     8 |     5 ||    13

Table legend: (Time is in decaauts)
 A = Elapsed time spent in this place.
 B = Non-inter-level travel time spent in this place.
 C = Inter-level travel time spent in this place.
 D = Time resting spent in this place.
 E = Time spent auto-exploring this place.
 F = Levels seen in this place.
 G = Mean time per level.
                   A        B        C        D        E       F      G
               +--------+--------+--------+--------+--------+-----+--------+
         Total |   2714 |   2580 |    134 |    655 |   1518 |   4 |  678.5 |
       Dungeon |   2714 |   2580 |    134 |    655 |   1518 |   4 |  678.5 |
               +--------+--------+--------+--------+--------+-----+--------+

Top non-repeatable levels by time:
     D:1: 1031 daAuts
     D:2: 888 daAuts
     D:3: 579 daAuts
     D:4: 215 daAuts
